 Dungeon Crawl Stone Soup version 0.29.1-1-gd02db6906a (webtiles) character file.

Game seed: 5800825931979530762

4193 DemonSlayer the Arsonist (level 10, -2/66 HPs)
             Began as a Demonspawn Fire Elementalist on Sept 28, 2022.
             Slain by a troll (8 damage)
             ... on level 8 of the Dungeon.
             The game lasted 00:21:00 (12853 turns).

DemonSlayer the Arsonist (DsFE)                    Turns: 12853, Time: 00:21:01

Health: -2/66      AC:  5    Str:  9    XL:     10   Next: 8%
Magic:  20/23      EV: 13    Int: 20    God:
Gold:   132        SH:  0    Dex: 20    Spells: 6/27 levels left

rFire   + . .      SeeInvis .   o - +3 short sword (vamp)
rCold   + + .      Faith    .   (no shield)
rNeg    . . .      Spirit   .   a - +1 robe
rPois   .          Reflect  .   (helmet restricted)
rElec   .          Harm     .   p - scarf {rC+ rF+}
rCorr   .          Rampage  .   (no gloves)
Will    .....                   (no boots)
Stlth   +++.......              (no amulet)
HPRegen 0.21/turn               v - +6 ring of dexterity
MPRegen 0.18/turn               c - ring of protection from cold

@: no status effects
A: antennae 2, thin metallic scales 1, demonic guardian 1
a: no special abilities


You were on level 8 of the Dungeon.
You visited 2 branches of the dungeon, and saw 10 of its levels.
You also visited: Sewer.

You collected 363 gold pieces.
You spent 231 gold pieces at shops.

Inventory:

Hand Weapons
 o - a +3 vampiric short sword (weapon)
Missiles
 r - 2 throwing nets
Armour
 a - a +1 robe (worn)
 b - the +0 robe "Tautuck" {*Slow rN++}
   (You found it on level 8 of the Dungeon)

   rN:        It greatly protects you from negative energy.
   *Slow:     It may slow you when you take damage.
 p - a scarf of resistance (worn)
Jewellery
 c - a ring of protection from cold (right hand)
 m - a ring of flight
 v - a +6 ring of dexterity (left hand)
Wands
 k - a wand of flame (11)
 t - a wand of digging (2)
Scrolls
 d - 2 scrolls of vulnerability
 g - 2 scrolls of enchant armour
 i - 7 scrolls of teleportation
Potions
 e - a potion of attraction
 f - a potion of lignification
 j - 3 potions of curing
 l - a potion of flight
 n - 4 potions of mutation
 q - 3 potions of brilliance
 u - 2 potions of resistance


   Skills:
 + Level 1.5 Fighting
 + Level 0.3 Short Blades
 + Level 1.9 Maces & Flails
 + Level 2.9 Dodging
 + Level 3.0 Stealth
 + Level 9.0 Spellcasting
 + Level 2.6 Conjurations
 + Level 9.3 Fire Magic


You had 6 spell levels left.
You knew the following spells:

 Your Spells              Type           Power      Damage    Failure   Level
a - Foxfire               Conj/Fire      100%       2x1d9     1%          1
b - Scorch                Fire           92%        2d9       1%          2
c - Conjure Flame         Conj/Fire      33%        6-21      1%          3
d - Flame Wave            Conj/Fire      33%        2d10      6%          4
e - Mephitic Cloud        Conj/Pois/Air  12%        N/A       16%         3
f - Fireball              Conj/Fire      16%        3d8       19%         5
g - Tukima's Dance        Hex            9%         N/A       22%         3

Your spell library contained the following spells:

 Spells                   Type           Power      Damage    Failure   Level
 Magic Dart               Conj           76%        1d6       2%          1
 Inner Flame              Hex/Fire       27%        N/A       3%          3
 Call Imp                 Summ           9%         N/A       12%         2
 Dazzling Flash           Conj/Hex       28%        N/A       14%         3
 Call Canine Familiar     Summ           9%         N/A       22%         3
 Portal Projectile        Hex/Tloc       18%        N/A       22%         3
 Leda's Liquefaction      Hex/Erth       4%         N/A       58%         4
 Passage of Golubria      Tloc           9%         N/A       58%         4
 Starburst                Conj/Fire      16%        6d6       69%         6
 Agony                    Necr           9%         N/A       91%         5
 Silence                  Hex/Air        4%         N/A       91%         5
 Yara's Violent Unravell  Hex/Tmut       4%         3d4       91%         5
 Ignition                 Fire           23%        3d8       100%        8


Dungeon Overview and Level Annotations

Branches:
Dungeon (9/15)             Temple (1/1) D:5            Lair (0/5) D:9
  Sewer (visited)
    Orc: D:9-12

Altars:
Ashenzari
Cheibriados
Fedhas
Gozag
Hepliaklqana
Kikubaaqudgha
Makhleb
Nemelex Xobeh
Okawaru
Qazlal
Ru
Sif Muna
Trog
Uskayaw
Vehumet
Wu Jian
Yredelemnul

Shops:
D:7 *

Annotations:
D:7 1 runed translucent door, liarliar's ghost, novice GnCA


Innate Abilities, Weirdness & Mutations

You have a pair of antennae on your head.
You are partially covered in thin metallic scales. (AC +2)
A weak demonic guardian rushes to your aid.


Message History

Your white imp disappears in a puff of smoke!
HP restored.
Done exploring.
Done exploring.
Done exploring.
Done exploring.
Done exploring.
You climb downwards.
There is a stone staircase leading up, spattered with blood here.
Flames lash the troll.
The troll is lightly wounded.
The troll's fire resistance burns away.
The troll is engulfed in a cloud of scalding steam.
The electric eel shoots out a bolt of lightning at you!
The bolt of electricity misses you. The bolt of electricity hits you.
Flames lash the troll.
The troll is burned terribly!
The troll is heavily wounded.
The troll is engulfed in a cloud of scalding steam.
Something unseen opens the door.
The troll bites you but does no damage. The troll barely misses you.
The troll claws you!
You climb upwards.
There is a stone staircase leading down, spattered with blood here.
You puncture the troll!
The troll is almost dead.
The troll bites you! The troll closely misses you. The troll claws you!
You hit the troll.
The troll is almost dead.
The troll bites you but does no damage. The troll claws you but does no damage.
The troll closely misses you.
You hit the troll.
You feel better.
The troll is almost dead.
The troll barely misses you. The troll claws you.
A demonic guardian appears!
The troll claws you!
You hit the troll.
The troll is almost dead.
The troll bites you!
* * * LOW HITPOINT WARNING * * *
The troll claws you!
You die...

........#...# #.......)...
............# ##..##.......
............# ##...###......
............## ###....# ##.....
.............# ##......# #.....
#............####.......####.....
##...........#....5.....#........
###.............T...............
##...........@######..........
#..########..## #.......##. #.##
#...## ##...######. ##.#
#....####....# ## #.##
#..###.#..#.## # ### #.##
##.###.# #.# ### ### ###


You could see a troll (combustible, ally target) and a friendly iron imp
(summoned).

Vanquished Creatures
  Maurice (D:8)
  Prince Ribbit (D:5)
  A steam dragon (D:7)
  A water moccasin (D:7)
  An orc warrior (D:6)
  3 sky beasts
  An ice beast (D:6)
  3 ogres
  4 centaurs
  A wolf (D:9)
  A phantom (D:5)
  A kobold brigand (Sewer)
  2 bullfrogs
  3 necrophages
  A gnoll sergeant (D:8)
  2 scorpions
  5 wights (D:7)
  3 killer bees (D:8)
  3 howler monkeys (D:8)
  8 hounds
  A jelly (D:5)
  3 orc priests
  A gnoll bouda (D:4)
  An iguana (D:5)
  9 orc wizards
  Robin (D:2)
  10 adders
  9 gnolls
  2 shadow imps
  2 white imps
  An ufetubus (D:5)
  3 worms
  2 dart slugs
  20 orcs
  11 ball pythons
  6 endoplasms
  6 giant cockroaches
  13 goblins
  8 hobgoblins
  6 jackals
  18 kobolds
  3 quokkas
  6 bats
  7 frilled lizards
  10 rats
205 creatures vanquished.

Vanquished Creatures (collateral kills)
  A sky beast (D:8)
  A gnoll (D:8)
  A goblin (D:2)
  A quokka (D:4)
4 creatures vanquished.

Vanquished Creatures (others)
  A wolf (D:9)
  375 foxfires
  A fungus (Sewer)
  A plant (D:6)
378 creatures vanquished.

Grand Total: 587 creatures vanquished

Notes
Turn   | Place    | Note
-------+----------+-------------------------------------------
     0 | D:1      | DemonSlayer the Demonspawn Fire Elementalist began the
                  | quest for the Orb.
     0 | D:1      | Reached XP level 1. HP: 13/13 MP: 3/3
   350 | D:1      | Gained mutation: A weak demonic guardian rushes to your
                  | aid. [demonic ancestry]
   350 | D:1      | Reached XP level 2. HP: 8/19 MP: 1/5
   353 | D:1      | Learned a level 2 spell: Scorch
   672 | D:1      | You fall into a shaft and drop 1 floor!
  1289 | D:1      | Found a faded altar of an unknown god.
  2009 | D:2      | Gained mutation: You are partially covered in thin metallic
                  | scales. (AC +2) [demonic ancestry]
  2009 | D:2      | Reached XP level 3. HP: 14/24 MP: 0/6
  2497 | D:2      | Noticed Robin
  3059 | D:2      | Killed Robin
  3060 | D:2      | Reached XP level 4. HP: 30/30 MP: 1/8
  3482 | D:3      | Learned a level 3 spell: Conjure Flame
  3874 | D:3      | Noticed a scorpion
  3881 | D:3      | Killed a scorpion
  3882 | D:3      | Reached skill level 1 in Maces & Flails
  3882 | D:3      | Reached XP level 5. HP: 26/36 MP: 3/9
  4606 | D:3      | Found an iron altar of Okawaru.
  4722 | D:3      | Learned a level 4 spell: Flame Wave
  4861 | D:4      | Gained mutation: You have a pair of small antennae on your
                  | head. [demonic ancestry]
  4861 | D:4      | Reached XP level 6. HP: 42/42 MP: 6/11
  5002 | D:4      | Found a snail-covered altar of Cheibriados.
  5002 | D:4      | Found a radiant altar of Vehumet.
  5483 | D:5      | Entered Level 5 of the Dungeon
  6044 | D:5      | Reached skill level 5 in Fire Magic
  6044 | D:5      | Reached XP level 7. HP: 45/47 MP: 1/13
  6047 | D:5      | Found a staircase to the Ecumenical Temple.
  6376 | D:5      | Reached skill level 1 in Fighting
  6843 | D:5      | Noticed Prince Ribbit
  6848 | D:5      | Killed Prince Ribbit
  6849 | D:5      | Reached skill level 5 in Spellcasting
  6984 | D:5      | Learned a level 3 spell: Mephitic Cloud
  7009 | Temple   | Entered the Ecumenical Temple
  7074 | D:6      | Gained mutation: You have a pair of antennae on your head.
                  | [demonic ancestry]
  7074 | D:6      | Reached XP level 8. HP: 40/54 MP: 6/16
  7150 | D:6      | Found a glowing drain.
  7161 | Sewer    | Entered a sewer
  7671 | Sewer    | Learned a level 5 spell: Fireball
  9221 | D:7      | Reached XP level 9. HP: 39/57 MP: 8/19
  9599 | D:7      | Found Kaamexud's Assorted Antiques.
  9607 | D:7      | Bought a runed short sword for 198 gold pieces
  9607 | D:7      | Bought a scroll labelled ETAZXY NOIRRA for 33 gold pieces
 10376 | D:7      | Found a runed translucent door.
 10377 | D:7      | Noticed liarliar's ghost (novice GnCA)
 10393 | D:7      | Learned a level 3 spell: Tukima's Dance
 10473 | D:8      | Identified the +0 robe "Tautuck" {*Slow rN++}
 10560 | D:8      | Found a broken altar of Ashenzari.
 10733 | D:8      | Noticed Maurice
 10759 | D:8      | Killed Maurice
 12499 | D:9      | Found a staircase to the Lair.
 12502 | D:9      | Reached XP level 10. HP: 49/66 MP: 17/22
 12853 | D:8      | Slain by a troll

Illustrated notes

Levels and vault maps discovered:
D:1:      lightli_arrival_chessboard, layout_basic,
          chequers_ecumenical_altar_twisty
D:2:      layout_basic, uniq_robin
D:3:      minmay_skewed_foursquare, layout_loops_ring, okawaru_trees_1
D:4:      layout_basic, nicolae_overflow_hidden_temple
D:5:      layout_loops_cross, temple_pool_b, grunt_ministairs_10,
          saegor_snake_ambush, uniq_prince_ribbit1
D:6:      nicolae_cairo_tiling_large, layout_basic, gup_sewer_entry_bubbles,
          minmay_misc_feat_plants, minmay_misc_feat_four_crosses
D:7:      layout_loops_ring, gammafunk_ghost_grave, serial_shops,
          nicolae_shop_behind_doors
D:8:      layout_layer_cave, ashenzari_altar_1, uniq_maurice
D:9:      lemuel_ice_spiral_2, layout_irregular_city, erik_lair_island
Temple:   nicolae_temple_no_exploring_needed

Skill      XL: |  1  2  3  4  5  6  7  8  9 10 |
---------------+-------------------------------+-----
Fire Magic     | 3 4 5 6 7 9 |  9.3
Stealth        | 2 3 |  3.0
Maces & Flails | 1 |  1.9
Dodging        | 2 |  2.9
Spellcasting   | 3 4 5 7 8 9 |  9.0
Conjurations   | 2 |  2.6
Fighting       | 1 |  1.5
Short Blades   | |  0.3

Action                   |  1- 3 |  4- 6 |  7- 9 | 10-12 || total
-------------------------+-------+-------+-------+-------++-------
Melee: Unarmed           |     6 |       |       |       ||     6
       Dagger            |    18 |       |       |       ||    18
       Punch             |     1 |     1 |       |       ||     2
       Whip              |    20 |    49 |    48 |       ||   117
       Short sword       |       |       |     8 |    17 ||    25
 Cast: Foxfire           |   111 |   119 |     1 |     5 ||   236
       Scorch            |       |    22 |   185 |     4 ||   211
       Mephitic Cloud    |       |       |     1 |       ||     1
  Use: Scroll            |     3 |    11 |     8 |       ||    22
       Potion            |     2 |       |     4 |     1 ||     7
 Stab: Sleeping          |     1 |       |     2 |       ||     3
       Distracted        |       |     1 |       |       ||     1
Armor: Robe              |    21 |    34 |    30 |    14 ||    99
Dodge: Dodged            |    40 |    47 |   103 |    24 ||   214
